 Seeded DCSS version 0.30-a0-341-g682706514a (webtiles) character file.

Game seed: 2238001725961850367 (custom seed)

1819 koil the Trooper (level 9, -6/82 (93) HPs)
             Began as an Ogre Cinder Acolyte on Nov 1, 2022.
             Was a High Priest of Ignis.
             Shot with a sling bullet by Joseph (12 damage)
             ... on level 7 of the Dungeon.
             The game lasted 00:20:13 (8057 turns).

koil the Trooper (Ogre Cinder Acolyte)              Turns: 8057, Time: 00:20:14

HP:   -6/82 (93)    AC:  8    Str: 20    XL:     9   Next: 10%
MP:   15/15         EV:  9    Int: 19    God:    Ignis [*****.]
Gold: 313           SH:  0    Dex:  4    Spells: 9/18 levels left

rFire   + . .      SeeInvis .    a - +6 war axe "Conservator" {vorpal, rElec rN+}
rCold   + + .      Faith    .    (no shield)
rNeg    + . .      Spirit   .    b - +2 robe {rC+}
rPois   .          Reflect  .    (helmet restricted)
rElec   +          Harm     .    j - +2 cloak
rCorr   .          Rampage  .    (gloves unavailable)
Will    .....      Rage     3%   (boots unavailable)
Stlth   +.........               (no amulet)
HPRegen 0.33/turn                C - ring of protection from cold
MPRegen 0.14/turn                (no ring)

@: heavily drained
A: large, unfitting armour, tough skin 1, berserk 1, low MP 1, electricity
resistance, noise suppression
a: Renounce Religion, Fiery Armour, Foxfire Swarm, Rising Flame


You were on level 7 of the Dungeon.
You worshipped Ignis.
Ignis was extremely pleased with you.
You visited 2 branches of the dungeon, and saw 8 of its levels.

You collected 379 gold pieces.
You spent 66 gold pieces at shops.

Inventory:

Hand Weapons
 a - the +6 war axe "Conservator" (weapon) {vorpal, rElec rN+}
   (You found it on level 6 of the Dungeon)

   It inflicts extra damage upon your enemies.
   rElec:     It insulates you from electricity.
   rN:        It protects you from negative energy.
 J - a +0 hand axe of flaming
Missiles
 w - 11 poisoned darts
 y - 3 curare-tipped darts
Armour
 b - a +2 robe of cold resistance (worn)
 j - a +2 cloak (worn)
 A - a +0 robe
Magical Staves
 f - a staff of cold
Jewellery
 e - a ring of protection from fire
 C - a ring of protection from cold (left hand)
Wands
 l - a wand of flame (30)
Scrolls
 d - 2 scrolls of blinking
 k - 2 scrolls of vulnerability
 r - a scroll of fear
Potions
 c - 3 potions of degeneration {unknown}
 g - 3 potions of brilliance
 h - 6 potions of curing
 m - 2 potions of haste
 o - 3 potions of heal wounds
 v - a potion of might
 D - a potion of ambrosia


   Skills:
 + Level 7.3 Fighting
 + Level 5.5 Axes
 + Level 4.1 Dodging
 + Level 5.1 Spellcasting
 + Level 6.1 Fire Magic
 + Level 2.0 Air Magic


You had 9 spell levels left.
You knew the following spells:

 Your Spells              Type           Power      Damage    Failure   Level
a - Scorch                Fire           56%        2d7       1%          2
b - Airstrike             Air            6%         2d(1-17)  45%         4
c - Swiftness             Air            12%        N/A       16%         3

Your spell library contained the following spells:

 Spells                   Type           Power      Damage    Failure   Level
 Shock                    Conj/Air       32%        1d5       9%          1
 Apportation              Tloc           8%         N/A       12%         1
 Freeze                   Ice            16%        1d4       12%         1
 Magic Dart               Conj           16%        1d3       12%         1
 Necrotise                Necr           16%        1d4       12%         1
 Summon Small Mammal      Summ           16%        N/A       12%         1
 Call Imp                 Summ           4%         N/A       19%         2
 Mephitic Cloud           Conj/Pois/Air  7%         N/A       28%         3
 Call Canine Familiar     Summ           4%         N/A       36%         3
 Frozen Ramparts          Ice            8%         1d2       36%         3
 Hailstorm                Conj/Ice       4%         3d4       36%         3
 Stone Arrow              Conj/Erth      8%         3d7       36%         3
 Summon Guardian Golem    Hex/Summ       4%         N/A       36%         3
 Animate Armour           Summ/Erth      8%         N/A       77%         4
 Lehudib's Crystal Spear  Conj/Erth      2%         10d2      100%        8


Dungeon Overview and Level Annotations

Branches:
Dungeon (7/15)             Temple (1/1) D:6

Altars:
Elyvilon
Fedhas
Makhleb
Okawaru
Qazlal
Trog
Uskayaw
Wu Jian
Xom
Yredelemnul
Zin
The Shining One

Shops:
D:2 *   D:6 =

Annotations:
D:7 3 runed translucent doors, Joseph; Lennethare's ghost, novice OgFE


Innate Abilities, Weirdness & Mutations

You are too large for most types of armour.
You have tough skin. (AC +1)
You sometimes lose your temper in combat.
Your magical capacity is low. (-10% MP)
You are resistant to electric shocks. (rElec)
You passively dampen the noise of your surroundings.


Message History

The ice beast closely misses you.
Flames lash the ice beast.
The ice beast is almost dead.
The ice beast hits you. The ice beast freezes you. You resist.
Flames lash the ice beast.
The ice beast melts!
You kill the ice beast!
Your Air Magic skill increases to level 2!
You can't see any susceptible monsters within range! (Use Z to cast anyway.) Joseph, a Mercenary comes into view.
He is wielding a +0 quarterstaff.
Joseph shouts!
Joseph unwields a +0 quarterstaff.
Joseph wields a +1 sling of draining.
You sense an unholy aura.
Joseph shoots a sling bullet.
The sling bullet hits you!! You partially resist.
You feel drained.
Joseph shoots a sling bullet.
The sling bullet hits you!! You partially resist.
You feel drained.
Joseph shoots a sling bullet.
The sling bullet hits you! You partially resist.
You feel drained.
Joseph shoots a sling bullet.
The sling bullet hits you! You partially resist.
You feel drained.
Joseph shoots a sling bullet.
The sling bullet hits you.
* * * LOW HITPOINT WARNING * * *
You partially resist.
You feel drained.
* * * LOW HITPOINT WARNING * * *
Lennethare's ghost turns its malevolent gaze towards you.
Joseph shoots a sling bullet.
The sling bullet hits you!
* * * LOW HITPOINT WARNING * * *
You partially resist.
You feel drained.
* * * LOW HITPOINT WARNING * * *
Joseph shoots a sling bullet.
The sling bullet barely misses you.
Joseph shoots a sling bullet.
The sling bullet hits you!
* * * LOW HITPOINT WARNING * * *
You partially resist.
You feel drained.
* * * LOW HITPOINT WARNING * * *
There is an escape hatch in the ceiling here.
You feel better.
Joseph shoots a sling bullet.
The sling bullet hits you.
* * * LOW HITPOINT WARNING * * *
You partially resist.
You feel drained.
* * * LOW HITPOINT WARNING * * *
Joseph shoots a sling bullet.
The sling bullet hits you!
You die...

..#.......................#
.....<..........##.##.....#
........###.....#.@.......#
...#......................#
.#.##....................##
#####.............##...###
#####..............##.#####
#.........................#
#...............@....#.##.#####
........#.......#.............#
..............................#
.......#...........#########..###
..........>........#..Y....#....#
...................#...)/..#..#..
...............[...#..#.#..#..##.
.........##........#.#...#.#..###
.......(.#.........#..#.#..#..# #


You could see Joseph.

Vanquished Creatures
  Sigmund (D:6)
  Edmund (D:6)
  A water moccasin (D:7)
  2 ice beasts
  A black bear (D:5)
  An ogre (D:4)
  A phantom (D:7)
  A kobold brigand (D:6)
  A gnoll sergeant (D:7)
  2 scorpions
  A jelly (D:4)
  2 orc priests
  5 hounds
  4 iguanas
  4 orc wizards
  8 adders
  7 gnolls
  A shadow imp (D:6)
  2 white imps
  2 ufetubi
  7 worms
  A dart slug (D:3)
  22 orcs
  7 endoplasms
  6 giant cockroaches
  5 goblins
  4 hobgoblins
  3 jackals
  11 kobolds
  6 quokkas
  8 ball pythons
  6 bats
  3 frilled lizards
  A rat (D:1)
138 creatures vanquished.

Notes
Turn   | Place    | Note
-------+----------+-------------------------------------------
     0 | D:1      | koil the Ogre Cinder Acolyte began the quest for the Orb.
     0 | D:1      | Reached XP level 1. HP: 24/24 MP: 2/2
   199 | D:1      | Reached XP level 2. HP: 26/32 MP: 4/4
   202 | D:1      | Learned a level 2 spell: Scorch
   743 | D:1      | Reached XP level 3. HP: 36/39 MP: 5/5
  1000 | D:2      | Reached skill level 1 in Dodging
  1117 | D:2      | Found a faded altar of an unknown god.
  1136 | D:2      | Found Debi Yno's General Store.
  1173 | D:2      | Bought a scroll of vulnerability for 44 gold pieces
  1173 | D:2      | Bought a scroll of identify for 22 gold pieces
  1339 | D:2      | Reached XP level 4. HP: 49/49 MP: 7/7
  1651 | D:2      | Identified the +6 plate armour of the Many Coins {rElec rN+
                  | Dex+3}
  2214 | D:3      | Reached XP level 5. HP: 37/55 MP: 6/8
  3018 | D:4      | Noticed an ogre
  3024 | D:4      | Killed an ogre
  3025 | D:4      | Reached skill level 5 in Fighting
  3025 | D:4      | Reached XP level 6. HP: 66/66 MP: 2/10
  3239 | D:4      | Found a hide-covered altar of Uskayaw.
  3799 | D:4      | Reached XP level 7. HP: 33/72 MP: 8/11
  4755 | D:5      | Entered Level 5 of the Dungeon
  5330 | D:5      | Reached skill level 5 in Fire Magic
  5344 | D:5      | Reached skill level 6 in Fighting
  6138 | D:6      | Found Jyatuinlez's Jewellery Shoppe.
  6178 | D:6      | Reached XP level 8. HP: 83/83 MP: 8/14
  6661 | D:6      | Identified the +6 war axe "Conservator" {vorpal, rElec rN+}
  6668 | D:6      | Learned a level 4 spell: Airstrike
  6672 | D:6      | Learned a level 3 spell: Swiftness
  6721 | D:6      | Noticed Edmund
  6730 | D:6      | Killed Edmund
  6731 | D:6      | Reached skill level 5 in Axes
  6863 | D:6      | Noticed Sigmund
  6868 | D:6      | Killed Sigmund
  6869 | D:6      | Reached skill level 1 in Air Magic
  6977 | D:6      | Found a staircase to the Ecumenical Temple.
  7321 | Temple   | Entered the Ecumenical Temple
  7418 | Temple   | Gained mutation: You have large cloven feet. [potion of
                  | mutation]
  7418 | Temple   | Gained mutation: You are clumsy. (Dex -2) [potion of
                  | mutation]
  7418 | Temple   | Gained mutation: You are dopey. (Int -2) [potion of
                  | mutation]
  7418 | Temple   | Gained mutation: Your natural rate of healing is unusually
                  | fast. [potion of mutation]
  7421 | Temple   | Lost mutation: You are dopey. (Int -2) [potion of mutation]
  7421 | Temple   | Lost mutation: You are clumsy. (Dex -2) [potion of
                  | mutation]
  7421 | Temple   | Lost mutation: You have large cloven feet. [potion of
                  | mutation]
  7421 | Temple   | Gained mutation: You sometimes lose your temper in combat.
                  | [potion of mutation]
  7421 | Temple   | Gained mutation: You are resistant to electric shocks.
                  | (rElec) [potion of mutation]
  7421 | Temple   | Gained mutation: You have an uncontrollable temper. [potion
                  | of mutation]
  7422 | Temple   | Lost mutation: Your natural rate of healing is unusually
                  | fast. [potion of mutation]
  7422 | Temple   | Lost mutation: You have an uncontrollable temper. [potion
                  | of mutation]
  7422 | Temple   | Gained mutation: Your magical capacity is low. (-10% MP)
                  | [potion of mutation]
  7422 | Temple   | Gained mutation: You passively dampen the noise of your
                  | surroundings. [potion of mutation]
  7552 | D:7      | Noticed Lennethare's ghost (novice OgFE)
  7555 | D:7      | Noticed a boulder beetle
  7562 | D:7      | Found a runed translucent gate.
  7562 | D:7      | Found a runed translucent gate.
  7562 | D:7      | Found a runed translucent gate.
  7590 | D:7      | Reached skill level 7 in Fighting
  7908 | D:7      | Reached skill level 5 in Spellcasting
  7908 | D:7      | Reached XP level 9. HP: 89/93 MP: 13/14
  8031 | D:7      | Noticed Joseph
  8055 | D:7      | HP: 4/83 [Joseph/sling bullet (1)]
  8057 | D:7      | Shot with a sling bullet by Joseph

Illustrated notes

Levels and vault maps discovered:
D:1:      shiori_arrival_oz, layout_loops_ring
D:2:      layout_loops_ring, serial_shops, nicolae_shop_waterfront,
          ebering_ecumenical_altar_mist, minivault_26
D:3:      layout_basic
D:4:      layout_layer_cave, nicolae_overflow_crystal_walls
D:5:      layout_gridville, minmay_misc_feat_iff, amethyst_killhole
D:6:      layout_basic, temple_statues, serial_shops, nicolae_shop_trees,
          sigmund_edmund_badplayer
D:7:      wander_river, layout_cave_pools, gammafunk_ghost_split, st_stairs_13,
          uniq_joseph
Temple:   hellmonk_temple_of_storms

Skill      XL: |  1  2  3  4  5  6  7  8  9 |
---------------+----------------------------+-----
Dodging        | 1 2 3 4 |  4.1
Fire Magic     | 3 4 5 6 |  6.1
Spellcasting   | 2 3 4 5 |  5.1
Fighting       | 5 6 7 |  7.3
Axes           | 4 5 |  5.5
Air Magic      | 1 2 |  2.0

Action                   |  1- 3 |  4- 6 |  7- 9 || total
-------------------------+-------+-------+-------++-------
Melee: Hand axe          |   109 |   259 |   169 ||   537
       Punch             |       |     2 |     3 ||     5
       War axe           |       |       |    35 ||    35
Throw: Dart              |       |     2 |       ||     2
 Cast: Scorch            |     3 |    20 |    55 ||    78
Evoke: Wand              |     1 |     1 |       ||     2
  Use: Scroll            |       |       |    12 ||    12
       Potion            |       |       |     6 ||     6
Armor: Robe              |    42 |   110 |   106 ||   258
Dodge: Dodged            |    41 |   115 |   114 ||   270

Table legend: (Time is in decaauts)
 A = Elapsed time spent in this place.
 B = Non-inter-level travel time spent in this place.
 C = Inter-level travel time spent in this place.
 D = Time resting spent in this place.
 E = Time spent auto-exploring this place.
 F = Levels seen in this place.
 G = Mean time per level.
                   A        B        C        D        E       F      G
               +--------+--------+--------+--------+--------+-----+--------+
         Total |   8133 |   7793 |    340 |   1011 |   5221 |   8 | 1016.6 |
       Dungeon |   8016 |   7676 |    340 |   1009 |   5221 |   7 | 1145.1 |
        Temple |    116 |    116 |      0 |      2 |      0 |   1 |  116.0 |
               +--------+--------+--------+--------+--------+-----+--------+

Top non-repeatable levels by time:
     D:4: 2067 daAuts
     D:6: 1292 daAuts
     D:3: 1259 daAuts
     D:5: 1109 daAuts
     D:1: 973 daAuts
     D:2: 767 daAuts
     D:7: 546 daAuts
  Temple: 116 daAuts
